Map: Aura da Morte LE

Players

DakkoN

  • Race: Protoss Protoss
  • League: Master
  • Spawn Location: 5:00

I.A. 1 (Muito fácil) - Winner!

  • Race: Protoss Protoss
  • Spawn Location: 11:00

VOD

Have the link to the VOD?

Description

Time

  • Played on: Sept. 1, 2020, 9:56 p.m.
  • Length: 3:39
Show
View Real Time Build Order
Export as new Build Order

DakkoN Protoss 

Build Orders:  

Get SALT Encoding   

  12  0:00  Probe  
  13  0:13  Probe  
  14  0:17  Pylon  
  14  0:25  Probe  
  15  0:37  Probe (Chrono Boost)  
  15  0:39  Gateway  
  16  0:46  Probe (Chrono Boost), Assimilator  
  17  0:51  Probe (Chrono Boost)  
  18  1:00  Pylon  
  18  1:03  Probe  
  19  1:20  Probe  
  20  1:26  Cybernetics Core  
  20  1:30  Assimilator  
  20  1:32  Probe  
  21  1:39  Gateway  
  21  1:41  Gateway  
  21  1:48  Probe  
  22  1:56  Gateway, Warp Gate (Chrono Boost)  
  22  2:04  Stalker  
  24  2:12  Pylon  
  24  2:27  Stalker  
  26  2:30  Stalker  
  26  2:34  Stalker  
  30  2:43  Stalker  
  32  2:56  Pylon  
  32  3:01  Pylon  
  32  3:27  Stalker x2  
  32  3:28  Stalker x2  
Show
View Real Time Build Order
Export as new Build Order

I.A. 1 (Muito fácil) Protoss - Winner!

Build Orders:  

Get SALT Encoding   

  12  0:00  Probe  
  13  0:13  Probe  
  14  0:19  Pylon  
  14  0:36  Assimilator  
  14  0:42  Gateway  
  14  0:46  Pylon  
  14  1:14  Assimilator  
  14  1:23  Probe  
  14  1:29  Zealot  
  14  1:31  Probe  
  17  1:34  Cybernetics Core  
  17  1:39  Probe  
  19  1:50  Probe  
  20  2:00  Probe  
  20  2:08  Probe  
  22  2:39  Stalker  
Tags
 
League
Master
Matchup
PvP
Spawn Locations
Cross Positions
Add a new tag
Caveats
  • Supply blocks, unpowered buildings, or Contaminate may cause inaccurate times.
  • Supply counts are checked every 10 seconds.